 Dungeon Crawl Stone Soup version 0.29-a0-96-g93358da72b (webtiles) character file.

Game seed: 1773968225152777104

40 soldano the Covered (level 3, 0/33 HPs)
             Began as a Minotaur Fighter on Feb 10, 2022.
             Succumbed to a water moccasin's poison
             ... on level 3 of the Dungeon.
             The game lasted 00:13:06 (908 turns).

soldano the Covered (Minotaur Fighter)               Turns: 908, Time: 00:13:07

Health: 0/33       AC:  9    Str: 22    XL:     3   Next: 30%
Magic:  2/2        EV:  7    Int:  5    God:
Gold:   28         SH:  4    Dex:  9    Spells: 2/2 levels left

rFire   . . .      SeeInvis .   a - +0 war axe
rCold   . . .      Faith    .   c - +0 buckler
rNeg    . . .      Spirit   .   m - +0 chain mail
rPois   .          Reflect  .   (helmet restricted)
rElec   .          Harm     .   (no cloak)
rCorr   .          Rampage  .   (no gloves)
Will    .....                   (no boots)
Stlth   ..........              (no amulet)
HPRegen 0.11/turn               (no ring)
MPRegen 0.08/turn               (no ring)

@: lethally poisoned (0 -> -4)
A: horns 2, retaliatory headbutt
a: no special abilities


You were on level 3 of the Dungeon.
You visited 1 branch of the dungeon, and saw 3 of its levels.

You collected 28 gold pieces.

Inventory:

Hand Weapons
 a - a +0 war axe (weapon)
 g - a +0 whip
 h - a +0 dagger
 j - a +0 dagger
 n - a +0 war axe
 p - a +0 flail
 q - a +0 hand crossbow
Missiles
 i - 22 arrows
Armour
 b - a +0 scale mail
 c - a +0 buckler (worn)
 k - a +0 robe
 m - a +0 chain mail (worn)
 o - a +0 ring mail
Scrolls
 f - a scroll of vulnerability
Potions
 d - a potion of might


   Skills:
 + Level 4.0 Fighting
 + Level 3.1 Axes
 + Level 4.3 Armour
 + Level 4.0 Shields


You had 2 spell levels left.
You didn't know any spells.
Your spell library was empty.

Dungeon Overview and Level Annotations

Branches:
Dungeon (3/15)

Altars:

Annotations:
D:2 Robin


Innate Abilities, Weirdness & Mutations

You have a pair of horns on your head.
You reflexively headbutt those who attack you in melee.


Message History

The water moccasin bites you but does no damage.
As you read the scroll labelled DEKLO JETWO, it crumbles to dust.
It is a scroll of identify.
f - a scroll of vulnerability You feel very sick.
You block the water moccasin's attack.
As you read the scroll labelled UTHICRI EQIXT, it crumbles to dust.
Wisps of shadow whirl around you...
It was a scroll of summoning.
* * * LOW HITPOINT WARNING * * *
You feel very sick. The water moccasin bites you.
* * * LOW HITPOINT WARNING * * *
The water moccasin bites you but does no damage.
You swap places.
* * * LOW HITPOINT WARNING * * *
You feel very sick.
Your bat closely misses the water moccasin.
The water moccasin bites your kobold!
Your kobold dies!
Your kobold's corpse dissolves into shadows!
Unknown command.
You swap places.
* * * LOW HITPOINT WARNING * * *
You feel sick.
Your bat hits the water moccasin but does no damage. x2
The water moccasin barely misses your bat.
Your endoplasm hits the water moccasin.
As you read the scroll labelled UKHLOA NIAWEJY, it crumbles to dust.
You hear a loud clanging noise!
It was a scroll of noise.
* * * LOW HITPOINT WARNING * * *
You feel sick.
You hear a shout! x2
Your bat barely misses the water moccasin.
The water moccasin bites your endoplasm.
Your endoplasm dies!
Your endoplasm dissolves into shadows!
As you read the scroll labelled UNOEPT DYZXEI, it crumbles to dust.
You speak a Word of immense power!
It was a scroll of holy word.
You die...

### ... ### #
# # #. #
####..########
.....b.S.@..)#
############.#
#.# #.# #.#
#.# #.# #.#
#.#


You could see a water moccasin (ally target) and a friendly bat (summoned).

Vanquished Creatures
  An adder (D:3)
  A dart slug (D:1)
  4 orcs (D:3)
  4 endoplasms
  A giant cockroach (D:3)
  3 goblins
  A hobgoblin (D:1)
  A jackal (D:1)
  A quokka (D:2)
  A frilled lizard (D:3)
  A kobold (D:1)
  5 rats
24 creatures vanquished.

Notes
Turn   | Place    | Note
-------+----------+-------------------------------------------
     0 | D:1      | soldano the Minotaur Fighter began the quest for the Orb.
     0 | D:1      | Reached XP level 1. HP: 19/19 MP: 0/0
   149 | D:1      | Reached XP level 2. HP: 25/27 MP: 1/1
   464 | D:2      | Noticed Robin
   742 | D:3      | Reached XP level 3. HP: 30/33 MP: 2/2
   892 | D:3      | Noticed a water moccasin
   907 | D:3      | HP: 1/33 [poisoned by a water moccasin]
   908 | D:3      | Succumbed to a water moccasin's poison

Illustrated notes

Levels and vault maps discovered:
D:1:      lightli_arrival_maybe_door_vault, layout_basic, minmay_tromino_i2
D:2:      layout_basic, hellmonk_ecumenical_altar_pennies_from_heaven,
          serial_shops, shop, uniq_robin
D:3:      minmay_spotlight, layout_loops_ring

Skill      XL: |  1  2  3 |
---------------+----------+-----
Armour         | 4 |  4.3
Shields        | 4 |  4.0
Fighting       | 4 |  4.0
Axes           | 3 |  3.1

Action                   || total
-------------------------++-------
Melee: War axe           ||    50
       Headbutt          ||     6
  Use: Scroll            ||     5
       Potion            ||     2
Armor: Scale mail        ||    13
       Chain mail        ||    13
Dodge: Dodged            ||    24
Block: Buckler           ||    16

Table legend: (Time is in decaauts)
 A = Elapsed time spent in this place.
 B = Non-inter-level travel time spent in this place.
 C = Inter-level travel time spent in this place.
 D = Time resting spent in this place.
 E = Time spent auto-exploring this place.
 F = Levels seen in this place.
 G = Mean time per level.
                   A        B        C        D        E       F      G
               +--------+--------+--------+--------+--------+-----+--------+
         Total |    927 |    927 |      0 |      0 |      0 |   3 |  309.0 |
       Dungeon |    927 |    927 |      0 |      0 |      0 |   3 |  309.0 |
               +--------+--------+--------+--------+--------+-----+--------+

Top non-repeatable levels by time:
     D:3: 449 daAuts
     D:1: 430 daAuts
     D:2: 46 daAuts
